SR
ELLESMERE ISLAND SNOWPEOPLE @ AMARILLO WARHEADS
08/25/2042
 
TOP OF THE 1ST
Ellesmere Island Snowpeople batting - Pitching for Amarillo Warheads : RHP Rafael Navarro
Pitching: RHP Rafael Navarro
Batting: SHB Clive Edney 0-0: Ball
1-0: Swinging Strike
1-1: Ground out 4-3 (Groundball, 4, EV 99.4 MPH)
Batting: RHB Ramón Rodríguez 0-0: Ball
1-0: Foul Ball, location: 2F
1-1: Ball
2-1: Swinging Strike
2-2: Ball
3-2: Fly out, F9 (Flyball, 9D, EV 94.4 MPH)
Batting: RHB Ramón Rodríguez 0-0: SINGLE (Groundball, 56D, EV 100.6 MPH)
Batting: RHB Ron Jackson 0-0: Ball
1-0: Ball
2-0: Ball
3-0: Base on Balls
Ramón Rodríguez to second
Batting: LHB James Moya 0-0: Ball
1-0: Foul Ball, location: 2F
1-1: Swinging Strike
1-2: Ball
2-2: Foul Ball, location: 2F
2-2: SINGLE (Flyball, 78M, EV 98.8 MPH)
Ramón Rodríguez to third
Ron Jackson to second
Runner from 3rd tries for Home, SAFE, no throw by LF
Batting: RHB Red Greene 0-0: Ball
1-0: Foul Ball, location: 2F
1-1: Fielders Choice at 2nd, U4 (Groundball, 4M, EV 82.5 MPH)
Top of the 1st over - 1 run, 2 hits, 0 errors, 2 left on base; Ellesmere Island 1 - Amarillo 0
BOTTOM OF THE 1ST
Amarillo Warheads batting - Pitching for Ellesmere Island Snowpeople : RHP Al Maxwell
Pitching: RHP Al Maxwell
Batting: SHB Warren Espiritu 0-0: Ball
1-0: Swinging Strike
1-1: Ground out 4-3 (Groundball, 4, EV 106.2 MPH)
Batting: RHB Roy Stewart 0-0: Called Strike
0-1: Ball
1-1: Ball
2-1: Swinging Strike
2-2: Strikes out swinging
Batting: SHB Mario Roldán 0-0: Ball
1-0: Ball
2-0: Ball
3-0: Base on Balls
Batting: RHB Soshal Distan Singh 0-0: Called Strike
0-1: Ball
1-1: Swinging Strike
1-2: Fly out, F8 (Line Drive, 8LD, EV 91.9 MPH)
Bottom of the 1st over - 0 runs, 0 hits, 0 errors, 1 left on base; Ellesmere Island 1 - Amarillo 0
TOP OF THE 2ND
Ellesmere Island Snowpeople batting - Pitching for Amarillo Warheads : RHP Rafael Navarro
Batting: RHB Donald White 0-0: Swinging Strike
0-1: Foul Ball, location: 2F
0-2: Foul Ball, location: 2F
0-2: Foul Ball, location: 2F
0-2: Ball
1-2: Foul Ball, location: 2F
1-2: Ball
2-2: Ball
3-2: DOUBLE (Line Drive, 8LXD, EV 103.1 MPH) - OUT at third base trying to stretch hit.
Batting: RHB Howard Moore 0-0: SINGLE (Line Drive, 89S, EV 108.8 MPH)
Batting: RHB Luis Rey 0-0: Ball
1-0: Grounds into double play, 5-4-3 (Groundball, 5L, EV 84.4 MPH)
Top of the 2nd over - 0 runs, 2 hits, 0 errors, 0 left on base; Ellesmere Island 1 - Amarillo 0
BOTTOM OF THE 2ND
Amarillo Warheads batting - Pitching for Ellesmere Island Snowpeople : RHP Al Maxwell
Batting: LHB Tony Hernández 0-0: Ball
1-0: Fly out, F7 (Flyball, 7LMF, EV 98.1 MPH)
Batting: RHB Leland Sigurdson 0-0: Ball
1-0: Ball
2-0: Foul Ball, location: 2F
2-1: Ball
3-1: SINGLE (Groundball, 56D, EV 103.8 MPH)
Batting: LHB Jönn Rennenberg 0-0: Ball
1-0: DOUBLE (Flyball, 9LD, EV 97.5 MPH)
Leland Sigurdson to third
Batting: RHB Paul Hall 0-0: Ball
1-0: Fly out, F8 (Flyball, 8RM, EV 78.8 MPH)
Runner from 3rd tags up, SCORES, throw by CF
Batting: RHB Jin-u Kim 0-0: Called Strike
0-1: Foul Ball, location: 2F
0-2: Strikes out looking
Bottom of the 2nd over - 1 run, 2 hits, 0 errors, 1 left on base; Ellesmere Island 1 - Amarillo 1
TOP OF THE 3RD
Ellesmere Island Snowpeople batting - Pitching for Amarillo Warheads : RHP Rafael Navarro
Batting: SHB Clive Edney 0-0: Called Strike
0-1: Ground out 3-1 (Groundball, 34, EV 83.1 MPH)
Batting: RHB Ramón Rodríguez 0-0: Fly out, F9 (Flyball, 89D, EV 87.5 MPH)
Batting: RHB Ramón Rodríguez 0-0: Foul Ball, location: 2F
0-1: Ball
1-1: Ball
2-1: Foul Ball, location: 2F
2-2: Fly out, F3 (Popup, 3F, EV 76.9 MPH)
Top of the 3rd over - 0 runs, 0 hits, 0 errors, 0 left on base; Ellesmere Island 1 - Amarillo 1
BOTTOM OF THE 3RD
Amarillo Warheads batting - Pitching for Ellesmere Island Snowpeople : RHP Al Maxwell
Batting: SHB Warren Espiritu 0-0: Called Strike
0-1: Ground out 4-3 (Groundball, 4, EV 91.2 MPH)
Batting: RHB Roy Stewart 0-0: Ground out U3 (Groundball, 3, EV 103.8 MPH)
Batting: SHB Mario Roldán 0-0: Called Strike
0-1: Foul Ball, location: 2F
0-2: Foul Ball, location: 2F
0-2: Foul Ball, location: 2F
0-2: Ball
1-2: Strikes out swinging
Bottom of the 3rd over - 0 runs, 0 hits, 0 errors, 0 left on base; Ellesmere Island 1 - Amarillo 1
TOP OF THE 4TH
Ellesmere Island Snowpeople batting - Pitching for Amarillo Warheads : RHP Rafael Navarro
Batting: RHB Ron Jackson 0-0: Called Strike
0-1: Ball
1-1: Ball
2-1: Foul Ball, location: 2F
2-2: Ball
3-2: Fly out, F9 (Flyball, 9LS, EV 88.8 MPH)
Batting: LHB James Moya 0-0: Ground out 3-1 (Groundball, 34, EV 87.5 MPH)
Batting: RHB Red Greene 0-0: Called Strike
0-1: Swinging Strike
0-2: Ground out 6-3 (Groundball, 6, EV 86.2 MPH)
Top of the 4th over - 0 runs, 0 hits, 0 errors, 0 left on base; Ellesmere Island 1 - Amarillo 1
BOTTOM OF THE 4TH
Amarillo Warheads batting - Pitching for Ellesmere Island Snowpeople : RHP Al Maxwell
Batting: RHB Soshal Distan Singh 0-0: Ball
1-0: Ball
2-0: Called Strike
2-1: Foul Ball, location: 2F
2-2: Fly out, F7 (Flyball, 7D, EV 93.8 MPH)
Batting: LHB Tony Hernández 0-0: SINGLE (Line Drive, 8LS, EV 91.9 MPH)
Batting: RHB Leland Sigurdson 0-0: Ball
1-0: Ball
2-0: Grounds into double play, 6-4-3 (Groundball, 6, EV 78.1 MPH)
Bottom of the 4th over - 0 runs, 1 hit, 0 errors, 0 left on base; Ellesmere Island 1 - Amarillo 1
TOP OF THE 5TH
Ellesmere Island Snowpeople batting - Pitching for Amarillo Warheads : RHP Rafael Navarro
Batting: RHB Donald White 0-0: Foul Ball, location: 2F
0-1: Ball
1-1: Ball
2-1: Foul Ball, location: 2F
2-2: Ground out 6-3 (Groundball, 6, EV 110.0 MPH)
Batting: RHB Howard Moore 0-0: Called Strike
0-1: Ball
1-1: Called Strike
1-2: Foul Ball, location: 2F
1-2: Strikes out swinging
Batting: RHB Luis Rey 0-0: Foul Ball, location: 2F
0-1: Ball
1-1: Ball
2-1: Swinging Strike
2-2: Ball
3-2: Strikes out swinging
Top of the 5th over - 0 runs, 0 hits, 0 errors, 0 left on base; Ellesmere Island 1 - Amarillo 1
BOTTOM OF THE 5TH
Amarillo Warheads batting - Pitching for Ellesmere Island Snowpeople : RHP Al Maxwell
Batting: LHB Jönn Rennenberg 0-0: Ball
1-0: Ball
2-0: Fly out, F7 (Flyball, 7D, EV 91.9 MPH)
Batting: RHB Paul Hall 0-0: Swinging Strike
0-1: Ball
1-1: Ground out 5-3 (Groundball, 56, EV 86.9 MPH)
Batting: RHB Jin-u Kim 0-0: Ball
1-0: Fly out, F8 (Line Drive, 8RM, EV 101.9 MPH)
Bottom of the 5th over - 0 runs, 0 hits, 0 errors, 0 left on base; Ellesmere Island 1 - Amarillo 1
TOP OF THE 6TH
Ellesmere Island Snowpeople batting - Pitching for Amarillo Warheads : RHP Rafael Navarro
Batting: SHB Clive Edney 0-0: Ball
1-0: SINGLE (Groundball, 34S, EV 66.2 MPH) (infield hit)
Batting: RHB Ramón Rodríguez 0-0: Called Strike
0-1: Ball
Clive Edney steals 2nd base
1-1: Ball
2-1: Ball
3-1: Called Strike
3-2: Foul Ball, location: 2F
3-2: Fly out, F9 (Flyball, 9LS, EV 80.0 MPH)
Batting: RHB Ramón Rodríguez 0-0: Ball
1-0: Ball
2-0: Called Strike
2-1: Foul Ball, location: 2F
2-2: SINGLE (Groundball, 6D, EV 103.1 MPH)
Clive Edney to third
Runner from 3rd tries for Home, SAFE, throw by CF to home
Ramón Rodríguez to second
Batting: RHB Ron Jackson 0-0: Ball
1-0: Called Strike
1-1: Ball
2-1: Ball
3-1: Fly out, F4 (Popup, 4, EV 63.1 MPH)
Batting: LHB James Moya 0-0: Ball
1-0: Called Strike
1-1: Swinging Strike
1-2: Fly out, F6 (Popup, 6MS, EV 82.5 MPH)
Top of the 6th over - 1 run, 2 hits, 0 errors, 1 left on base; Ellesmere Island 2 - Amarillo 1
BOTTOM OF THE 6TH
Amarillo Warheads batting - Pitching for Ellesmere Island Snowpeople : RHP Al Maxwell
Batting: SHB Warren Espiritu 0-0: Fly out, F9 (Flyball, 9LSF, EV 87.5 MPH)
Batting: RHB Roy Stewart 0-0: Ball
1-0: SINGLE (Groundball, 56D, EV 101.9 MPH)
Batting: SHB Mario Roldán 0-0: Ball
1-0: Foul Ball, location: 2F
1-1: Foul Ball, location: 2F
1-2: Strikes out swinging
Batting: RHB Soshal Distan Singh 0-0: Ball
1-0: Called Strike
1-1: Swinging Strike
1-2: Ball
2-2: Strikes out swinging
Bottom of the 6th over - 0 runs, 1 hit, 0 errors, 1 left on base; Ellesmere Island 2 - Amarillo 1
TOP OF THE 7TH
Ellesmere Island Snowpeople batting - Pitching for Amarillo Warheads : RHP Rafael Navarro
Batting: RHB Red Greene 0-0: Ball
1-0: Ball
2-0: Ball
3-0: Foul Ball, location: 2F
3-1: DOUBLE (Line Drive, 5D, EV 96.9 MPH)
Pitching: RHP Alfredo Flores
Pinch Runner at 2nd Robin Tremayne:
Batting: RHB Donald White 0-0: Called Strike
0-1: Foul Ball, location: 2F
0-2: Strikes out swinging
Batting: RHB Howard Moore 0-0: Fly out, F9 (Line Drive, 9D, EV 97.5 MPH)
Batting: RHB Luis Rey 0-0: Fly out, F8 (Line Drive, 8RD, EV 95.0 MPH)
Top of the 7th over - 0 runs, 1 hit, 0 errors, 1 left on base; Ellesmere Island 2 - Amarillo 1
BOTTOM OF THE 7TH
Amarillo Warheads batting - Pitching for Ellesmere Island Snowpeople : RHP Al Maxwell
Now at 3B: Frank Steeneveld
Batting: LHB Tony Hernández 0-0: Ball
1-0: Called Strike
1-1: Ball
2-1: Foul Ball, location: 2F
2-2: Fly out, F7 (Flyball, 7, EV 86.9 MPH)
Batting: RHB Leland Sigurdson 0-0: Ball
1-0: Called Strike
1-1: Called Strike
1-2: Foul Ball, location: 2F
1-2: Foul Ball, location: 2F
1-2: Hit by Pitch
Batting: LHB Jönn Rennenberg 0-0: Ball
1-0: Swinging Strike
1-1: Called Strike
1-2: SINGLE (Line Drive, 78S, EV 97.5 MPH)
Leland Sigurdson to second
Batting: RHB Paul Hall 0-0: Called Strike
0-1: Fielders Choice at 2nd, 3-6 (Groundball, 3, EV 88.1 MPH)
Leland Sigurdson to third
Batting: RHB Jin-u Kim 0-0: Fly out, F9 (Flyball, 9LM, EV 98.8 MPH)
Bottom of the 7th over - 0 runs, 1 hit, 0 errors, 2 left on base; Ellesmere Island 2 - Amarillo 1
TOP OF THE 8TH
Ellesmere Island Snowpeople batting - Pitching for Amarillo Warheads : RHP Alfredo Flores
Batting: SHB Clive Edney 0-0: SINGLE (Line Drive, 9S, EV 105.0 MPH)
Batting: RHB Ramón Rodríguez 0-0: Called Strike
0-1: Called Strike
0-2: Ball
1-2: Strikes out swinging
Batting: RHB Ramón Rodríguez 0-0: Ball
1-0: Swinging Strike
1-1: Ball
2-1: Foul Ball, location: 2F
2-2: SINGLE (Flyball, 8LS, EV 93.1 MPH)
Clive Edney to second
Batting: RHB Ron Jackson 0-0: Ball
1-0: Called Strike
1-1: Swinging Strike
1-2: Ball
2-2: Strikes out swinging
Batting: LHB James Moya 0-0: Ball
1-0: Foul Ball, location: 2F
1-1: Ground out 4-3 (Groundball, 4, EV 106.9 MPH)
Top of the 8th over - 0 runs, 2 hits, 0 errors, 2 left on base; Ellesmere Island 2 - Amarillo 1
BOTTOM OF THE 8TH
Amarillo Warheads batting - Pitching for Ellesmere Island Snowpeople : RHP Al Maxwell
Batting: SHB Warren Espiritu 0-0: Called Strike
0-1: Called Strike
0-2: SINGLE (Groundball, 13S, EV 75.6 MPH) (infield hit)
Batting: RHB Roy Stewart 0-0: Ball
1-0: Sac Bunt to 13S - play at first, batter OUT! 1-4
Warren Espiritu to second
Batting: SHB Mario Roldán 0-0: Ball
1-0: Ball
2-0: Ball
3-0: Base on Balls
Pitching: RHP Danny Antonio
Batting: RHB Soshal Distan Singh 0-0: Ball
1-0: Foul Ball, location: 2F
1-1: Ball
2-1: Ball
3-1: Foul Ball, location: 2F
3-2: SINGLE (Groundball, 56S, EV 64.4 MPH) (infield hit)
Warren Espiritu to third
Mario Roldán to second
Batting: LHB Tony Hernández 0-0: Foul Ball, location: 2F
0-1: Ball
1-1: Foul Ball, location: 2F
1-2: SINGLE (Groundball, 4M, EV 99.4 MPH)
Warren Espiritu scores
Mario Roldán to third
Soshal Distan Singh to second
Batting: RHB Leland Sigurdson 0-0: Called Strike
0-1: Ball
1-1: Called Strike
1-2: Ball
2-2: Foul Ball, location: 2F
2-2: Ball
3-2: Fly out, F9 (Flyball, 9, EV 90.6 MPH)
Runner from 3rd tags up, OUT at HOME! 9-2
Bottom of the 8th over - 1 run, 3 hits, 0 errors, 2 left on base; Ellesmere Island 2 - Amarillo 2
TOP OF THE 9TH
Ellesmere Island Snowpeople batting - Pitching for Amarillo Warheads : RHP Alfredo Flores
Pinch Hitting: LHB Bernard Cornwell 0-0: Ball
1-0: Foul Ball, location: 2F
1-1: Foul Ball, location: 2F
1-2: Ground out 4-3 (Groundball, 4, EV 80.6 MPH)
Batting: RHB Donald White 0-0: Ball
1-0: Called Strike
1-1: Fly out, F7 (Flyball, 7S, EV 91.9 MPH)
Batting: RHB Howard Moore 0-0: Foul Ball, location: 2F
0-1: Fly out, F9 (Line Drive, 9, EV 93.1 MPH)
Top of the 9th over - 0 runs, 0 hits, 0 errors, 0 left on base; Ellesmere Island 2 - Amarillo 2
BOTTOM OF THE 9TH
Amarillo Warheads batting - Pitching for Ellesmere Island Snowpeople : RHP Danny Antonio
Now at 3B: Marvin Moore
Batting: LHB Jönn Rennenberg 0-0: Called Strike
0-1: Foul Ball, location: 2F
0-2: Ball
1-2: Strikes out swinging
Batting: RHB Paul Hall 0-0: Called Strike
0-1: Ground out U3 (Groundball, 3, EV 107.5 MPH)
Pinch Hitting: RHB Augusto Ortíz 0-0: Ball
1-0: Ground out 1-3 (Groundball, 34S, EV 85.6 MPH)
Bottom of the 9th over - 0 runs, 0 hits, 0 errors, 0 left on base; Ellesmere Island 2 - Amarillo 2
TOP OF THE 10TH
Ellesmere Island Snowpeople batting - Pitching for Amarillo Warheads : RHP Alfredo Flores
Now at C: Anthony Bonham
Batting: RHB Luis Rey 0-0: DOUBLE (Groundball, 5L, EV 102.5 MPH)
Pitching: RHP Rey Counsell
Batting: SHB Clive Edney 0-0: Ground out U3 (Groundball, 3, EV 88.1 MPH)
Luis Rey to third
Batting: RHB Ramón Rodríguez 0-0: Swinging Strike
0-1: Swinging Strike
0-2: Ball
1-2: Ball
2-2: Strikes out swinging
Batting: RHB Ramón Rodríguez 0-0: Called Strike
0-1: Ball
1-1: Ball
2-1: Ground out 5-3 (Groundball, 56, EV 103.1 MPH)
Top of the 10th over - 0 runs, 1 hit, 0 errors, 1 left on base; Ellesmere Island 2 - Amarillo 2
BOTTOM OF THE 10TH
Amarillo Warheads batting - Pitching for Ellesmere Island Snowpeople : RHP Danny Antonio
Batting: SHB Warren Espiritu 0-0: Ball
1-0: Ball
2-0: Called Strike
2-1: Foul Ball, location: 2F
2-2: Ball
3-2: Foul Ball, location: 2F
3-2: SINGLE (Line Drive, 7LS, EV 110.6 MPH)
Batting: RHB Roy Stewart 0-0: Bunted foul
0-1: Bunted foul
0-2: Foul Ball, location: 2F
0-2: DOUBLE (Groundball, 5L, EV 106.9 MPH)
Warren Espiritu to third
Batting: SHB Mario Roldán 0-0: Intentional Walk
Batting: RHB Soshal Distan Singh 0-0: Called Strike
0-1: Foul Ball, location: 2F
0-2: Strikes out swinging
Pitching: RHP Parker Larsen
Batting: LHB Tony Hernández 0-0: SINGLE (Groundball, 34D, EV 97.5 MPH)
Warren Espiritu scores
Friday, March 26th, 2021 - OOTP Baseball 20.8 Build 74